 Dungeon Crawl Stone Soup version 0.16.1 (console) character file.

427 gw the Chopper (level 6, -1/56 HPs)
             Began as a Deep Dwarf Fighter on Mar 23, 2015.
             Succumbed to a gnoll's poison
             ... on level 4 of the Dungeon.
             The game lasted 00:05:33 (3726 turns).

gw the Chopper (Deep Dwarf Fighter)                 Turns: 3726, Time: 00:05:33

Health: -1/56      AC: 12    Str: 19    XL:     6   Next: 65%
Magic:  6/6        EV:  5    Int:  9    God:
Gold:   203        SH: 11    Dex: 17    Spells: 0 memorised, 5 levels left

rFire  . . .     SeeInvis .     a - +1 war axe
rCold  . . .     Clarity  .     m - +0 chain mail
rNeg   . . .     SustAb   .     c - +1 shield
rPois  .         Gourm    .     q - +0 helmet
rElec  .         Spirit   .     (no cloak)
rCorr  .         Warding  .     h - +0 pair of gloves {Dex+3}
rMut   +         Stasis   .     (no boots)
MR     .....                    o - amulet of resist mutation
Stlth  ..........               (no ring)
                                (no ring)

@: lethally poisoned (-1 -> -6), non-regenerating, not resistant to hostile
enchantments, extremely unstealthy
A: damage resistance, recharge devices, sense surroundings 1, slow healing 3
a: Device Recharging


You were on level 4 of the Dungeon.
You were hungry.

You visited 1 branch of the dungeon, and saw 4 of its levels.

You collected 203 gold pieces.

Inventory:

Hand weapons
 a - a +1 war axe (weapon)
Missiles
 j - 74 stones (quivered)
Armour
 c - a +1 shield (worn)
 h - a +0 pair of gloves of dexterity (worn)
 m - a +0 chain mail (worn)
 q - a +0 helmet (worn)
Jewellery
 o - an amulet of resist mutation (around neck)
Magical devices
 d - a wand of heal wounds (0)
Scrolls
 g - 7 scrolls of identify
 i - 2 scrolls of immolation
 l - 3 scrolls of remove curse
Potions
 e - 2 potions of restore abilities
Comestibles
 b - 2 meat rations
 f - 3 bread rations
 s - a beef jerky


   Skills:
 + Level 3.6 Fighting
 * Level 4.7 Axes
 + Level 2.0 Throwing
 + Level 4.7 Armour
 + Level 4.4 Shields
 - Level 1.5 Evocations


You had 5 spell levels left.
You didn't know any spells.

Dungeon Overview and Level Annotations

Branches:
Dungeon (4/15)
 Temple: D:4-7

Altars:
Trog

Shops:
D:4 *


Innate Abilities, Weirdness & Mutations

You are resistant to damage.
You can recharge devices by infusing magical energy.
You passively map a small area around you.
You do not heal naturally.


Message History

Unknown command.
Unknown command.
Unknown command.
MOVING TO (0,2)
You feel sick.
Unknown command.
Unknown command.
Unknown command.
MOVING TO (0,1)
You feel sick.
Unknown command.
Unknown command.
Unknown command.
MOVING TO (-1,6)
You feel sick.
Unknown command.
Unknown command.
Unknown command.
MOVING TO (0,5)
You die...

..# ##...##....>.#.....##.>.#
..###
#...####.#).####.##..#.#
#...###...## #.#..##
#.##.##.# ###.##8...8#
#.##..###.##.##.# #.###...##
#.##(.<##..#.##.# #...#....#
#.##.#...#.#.##.# #
###...##.# #....###.....##.#
###8#..###.# ##..##
###.#..#.# .......# #.# #.g##
#.#..#.# .......###.#
#...#####....#.# ........#..#
##.............# ###8###...##
#.#####..>.#### # ### ###.#
#.# #...#..# #### ###.# #.#
#.#..#.# ...####...### #.#
#.##.#.# ##....#.#...#
#.####.##...#
#####)..###.####......###..##


There were no monsters in sight!

Table legend:
 A = Turns spent in this place as a percentage of turns spent in the entire game.
 B = Non-inter-level travel turns spent in this place as a percentage of non-inter-level travel turns spent in the entire game.
 C = Inter-level travel turns spent in this place as a percentage of turns spent in this place.
 D = Turns resting spent in this place as a percentage of non-inter-level travel turns spent in this place.
 E = Turns spent auto-exploring this place as a percentage of non-inter-level travel turns spent in this place.
 F = Non-inter-level travel turns spent in this place divided by the number of levels of this place that you've seen.
                   A       B       C       D       E      F
               +-------+-------+-------+-------+-------+----------------------
         Total | 100.0 | 100.0 |   0.4 |   0.1 |   2.3 | 1901.5
       Dungeon | 100.0 | 100.0 |   0.4 |   0.1 |   2.3 | 1901.5
               +-------+-------+-------+-------+-------+----------------------

Table legend:
 A = Kills in this place as a percentage of kills in entire the game.
 B = Kills by you in this place as a percentage of kills by you in the entire game.
 C = Kills by friends in this place as a percentage of kills by friends in the entire game.
 D = Other kills in this place as a percentage of other kills in the entire game.
 E = Experience gained in this place as a percentage of experience gained in the entire game.
 F = Experience gained in this place divided by the number of levels of this place that you have seen.
                   A       B       C       D       E      F
               +-------+-------+-------+-------+-------+----------------------
         Total | 100.0 | 100.0 |  -nan |  -nan | 100.0 | 152.5
       Dungeon | 100.0 | 100.0 |  -nan |  -nan | 100.0 | 152.5
               +-------+-------+-------+-------+-------+----------------------

Vanquished Creatures
  An ogre (D:4)
  Sigmund (D:2)
  2 worker ants (D:4)
  4 adders
  3 gnolls (D:4)
  A giant mite (D:1)
  6 worms
  5 giant geckos
  4 orcs (D:3)
  A ball python (D:4)
  11 bats
  4 giant cockroaches
  15 hobgoblins
  13 jackals
  4 giant newts
  13 goblins
  10 kobolds
  8 rats
106 creatures vanquished.

Vanquished Creatures (others)
  A bat (D:2)
1 creature vanquished.

Grand Total: 107 creatures vanquished

Notes
Turn   | Place    | Note
--------------------------------------------------------------
     0 | D:1      | gw, the Deep Dwarf Fighter, began the quest for the Orb.
     0 | D:1      | Reached XP level 1. HP: 20/20 MP: 1/1
   191 | D:1      | Reached XP level 2. HP: 27/27 MP: 2/2
   413 | D:1      | Reached XP level 3. HP: 19/33 MP: 3/3
   979 | D:2      | Noticed Sigmund
   982 | D:2      | Reached skill level 1 in Throwing
  1029 | D:2      | Killed Sigmund
  1029 | D:2      | Reached skill level 1 in Evocations
  1029 | D:2      | Reached XP level 4. HP: 21/42 MP: 5/5
  1102 | D:2      | Reached XP level 5. HP: 24/49 MP: 6/6
  1145 | D:2      | Reached skill level 4 in Shields
  1762 | D:2      | Found a bloodstained altar of Trog.
  2936 | D:4      | Noticed an ogre
  2943 | D:4      | Killed an ogre
  2943 | D:4      | Reached XP level 6. HP: 34/56 MP: 6/6
  2978 | D:4      | Found Tebran's Elemental Accessories.
  3725 | D:4      | HP: 1/56 [poisoned by a gnoll]
  3726 | D:4      | Succumbed to a gnoll's poison

Action                   |  1- 3 |  4- 6 || total
-------------------------+-------+-------++-------
Melee: War axe           |   123 |   187 ||   310
Throw: Stone             |    76 |   168 ||   244
 Abil: Device Recharging |       |     1 ||     1
Evoke: Wand              |     4 |     4 ||     8
  Use: Scroll            |     5 |     6 ||    11
       Potion            |     4 |     7 ||    11
  Eat: Chunk             |       |     9 ||     9

Vault maps used:
D:1:      dpeg_arrival_pits, moated_statue
D:2:      lightli_temple_of_fire, first_bread, uniq_sigmund
D:4:      serial_corexii_hall, corexii_hall_statues_x, corexii_hall_statues_i,
          corexii_hall_statues_i, corexii_hall_statues_t, nicolae_elemental_shop
